 Dungeon Crawl Stone Soup version 0.28.0 (webtiles) character file.

Game seed: 6932961843351150525

156 tikhun the Ducker (level 5, -7/29 HPs)
             Began as a Vampire Gladiator on Feb 17, 2022.
             Mangled by Blork the orc (8 damage)
             ... on level 4 of the Dungeon.
             The game lasted 00:15:18 (3871 turns).

tikhun the Ducker (Vampire Gladiator)               Turns: 3871, Time: 00:15:19

Health: -7/29      AC:  5    Str: 18 (19) XL:     5   Next: 15%
Magic:  5/5        EV: 13    Int: 10 (11) God:
Gold:   134        SH:  0    Dex: 15 (17) Spells: 4/4 levels left

rFire   . . .      SeeInvis +   a - +0 rapier
rCold   + + .      Faith    .   (no shield)
rNeg    + + +      Spirit   .   b - +0 leather armour
rPois   ∞          Reflect  .   c - +0 helmet
rElec   .          Harm     .   (no cloak)
rCorr   .          Rampage  .   (no gloves)
Will    .....                   o - +0 pair of boots
Stlth   ++++......              h - amulet of the acrobat
HPRegen 0.00/turn               r - +6 ring of strength
MPRegen 0.09/turn               (no ring)

@: bloodless, inhibited regen, studying Fighting
A: bloodless, fangs 3, see invisible, vampiric 2, [frail 1]
a: Bat Form, Revivify


You were on level 4 of the Dungeon.
You visited 1 branch of the dungeon, and saw 4 of its levels.

You collected 134 gold pieces.

Inventory:

Hand Weapons
 a - a +0 rapier (weapon)
 n - a +0 short sword of venom
 q - a +0 hunting sling
Missiles
 d - 2 throwing nets (quivered)
 f - 6 poisoned darts
Armour
 b - a +0 leather armour (worn)
 c - a +0 helmet (worn)
 o - a +0 pair of boots (worn)
Jewellery
 h - an amulet of the acrobat (around neck)
 p - an amulet of guardian spirit
 r - a +6 ring of strength (left hand)
Scrolls
 i - a scroll of teleportation
 k - a scroll of blinking {unknown}
 l - 3 scrolls of identify {unknown}
Potions
 e - a potion of ambrosia
 g - a potion of curing
 j - a potion of lignification {unknown}
 s - a potion of might {unknown}


   Skills:
 * Level 4.1 Fighting
 - Level 3.3 Short Blades
 - Level 1.6 Throwing
 + Level 4.3 Dodging
 + Level 3.5 Stealth


You had 4 spell levels left.
You didn't know any spells.
Your spell library was empty.

Dungeon Overview and Level Annotations

Branches:
Dungeon (4/15)
 Temple: D:4-7

Altars:
Beogh

Annotations:
D:3 3 runed translucent doors, MrOwl's ghost, amateur GrFi
D:4 Blork the orc


Innate Abilities, Weirdness & Mutations

You do not regenerate when monsters are visible.
You are frail without blood (-20% HP).
You can heal yourself when you bite living creatures.
You are immune to poison.
You have razor-sharp teeth.
You have supernaturally acute eyesight. (SInv)
You are afflicted with vampirism and can become a bat while bloodless.
[You are frail. (-10% HP)]


Message History

You kill the ball python!
You now have 106 gold pieces (gained 10).
Found a ring mail.
Found 16 gold pieces.
You now have 118 gold pieces (gained 12).
Found a leather armour.
Blork the orc comes into view.
He is wielding a +0 morningstar.
You see here 16 gold pieces.
You now have 134 gold pieces (gained 16).
Blork the orc shouts!
Blork the orc screams, "I'll eat your brain!
And then I'll vomit it back up!"
As you read the scroll of torment, it crumbles to dust.
You feel a surge of unholy energy.
Blork the orc convulses!
As you read the scroll of torment, it crumbles to dust.
You feel a surge of unholy energy.
Blork the orc convulses!
A worm comes into view.
Blork the orc screams, "I'll break your arms!"
Blork the orc points at you and mumbles some strange words.
The puff of frost hits you. You resist.
An endoplasm comes into view.
Blork the orc gestures wildly while chanting.
Blork the orc seems to speed up.
The endoplasm quivers.
Blork the orc misses you.
You barely miss Blork the orc.
Blork the orc is severely wounded.
Blork the orc hits you with a +0 morningstar! x2
Ouch! That really hurt!
* * * LOW HITPOINT WARNING * * *
You hit Blork the orc but do no damage.
Blork the orc is severely wounded.
Blork the orc closely misses you.
You hit Blork the orc but do no damage.
Blork the orc is severely wounded.
Blork the orc barely misses you. x2
You barely miss Blork the orc.
Blork the orc is severely wounded.
Blork the orc suddenly grunts, in orcish tradition.
Blork the orc hits you with a +0 morningstar!
You die...

.......# .# .......##.##
........... #.[.......
#........# ...... #......#
.... #.#...##Jow..####
...##..#....#...@......#####
............................
....(....#..###......####
.....................##
..#...................##
..#....................#
.......................#
.......................#
........(...(....[.....#


You could see Blork the orc (fast), a worm and an endoplasm.

Vanquished Creatures
  A hound (D:3)
  4 gnolls (D:3)
  An adder (D:2)
  4 worms (D:2)
  2 dart slugs
  7 ball pythons
  6 endoplasms
  A giant cockroach (D:1)
  4 hobgoblins
  5 jackals
  6 kobolds
  A quokka (D:2)
  6 bats
  3 frilled lizards (D:1)
  5 goblins
  6 rats
62 creatures vanquished.

Notes
Turn   | Place    | Note
-------+----------+-------------------------------------------
     0 | D:1      | tikhun the Vampire Gladiator began the quest for the Orb.
     0 | D:1      | Reached XP level 1. HP: 16/16 MP: 1/1
   235 | D:1      | Reached XP level 2. HP: 22/22 MP: 2/2
   327 | D:1      | Reached skill level 1 in Stealth
   581 | D:1      | Found a faded altar of an unknown god.
   711 | D:2      | Gained mutation: You are afflicted with vampirism and can
                  | become a bat while bloodless. [Vampire growth]
   711 | D:2      | Reached XP level 3. HP: 28/28 MP: 3/3
  1520 | D:2      | Reached XP level 4. HP: 23/28 MP: 4/4
  1559 | D:2      | Identified a scroll of acquirement
  1559 | D:2      | Acquired a manual of Fighting
  1799 | D:3      | Noticed MrOwl's ghost (amateur GrFi)
  1804 | D:3      | Found a runed translucent gate.
  1804 | D:3      | Found a runed translucent gate.
  1804 | D:3      | Found a runed translucent gate.
  2321 | D:3      | HP: 1/28 [gnoll (12)]
  2665 | D:3      | HP: 1/31 [gnoll (12)]
  3560 | D:3      | Reached XP level 5. HP: 29/29 MP: 5/5
  3860 | D:4      | Noticed Blork the orc
  3868 | D:4      | HP: 1/29 [Blork the orc (16)]
  3871 | D:4      | Mangled by Blork the orc

Illustrated notes

Levels and vault maps discovered:
D:1:      dpeg_arrival_tiny_d, layout_loops_cross,
          hellmonk_ecumenical_altar_defaced_shrine, minmay_stone_trees_small
D:2:      layout_basic
D:3:      layout_loops_corners, gammafunk_ghost_split
D:4:      layout_rooms, serial_shops, shop, hangedman_abyss_or_decor_stagger,
          uniq_blork_the_orc

Skill      XL: |  1  2  3  4 |
---------------+-------------+-----
Fighting       | 2 3 4 |  4.1
Stealth        | 1 2 3 |  3.5
Dodging        | 4 |  4.3
Short Blades   | |  3.3
Throwing       | |  1.6

Action                   |  1- 3 |  4- 6 || total
-------------------------+-------+-------++-------
Melee: Rapier            |   110 |    51 ||   161
       Bite              |     9 |     9 ||    18
       Punch             |     1 |     1 ||     2
Throw: Throwing net      |       |     1 ||     1
 Abil: Exsanguinate      |     1 |     1 ||     2
       Bat Form          |       |     1 ||     1
       Revivify          |       |     1 ||     1
  Use: Scroll            |       |     7 ||     7
       Potion            |       |     2 ||     2
 Stab: Sleeping          |    11 |     8 ||    19
       Distracted        |       |     1 ||     1
Armor: Leather armour    |    30 |     3 ||    33
Dodge: Dodged            |    53 |    39 ||    92
